 Seeded DCSS version 0.28-a0-1356-g2ad6d04315 (webtiles) character file.

Game seed: 3977678538937653055 (custom seed)

16702 croobank the Tainter (level 12, -4/71 HPs)
             Began as an Octopode Transmuter on Dec 30, 2021.
             Was a High Priest of Hepliaklqana.
             Slain by a catoblepas (9 damage)
             ... in a Gauntlet.
             The game lasted 01:20:06 (10015 turns).

croobank the Tainter (Octopode Transmuter)         Turns: 10015, Time: 01:20:07

Health: -4/71      AC:  1    Str: 23    XL:     12   Next: 40%
Magic:  19/20      EV: 15    Int: 25    God:    Hepliaklqana [*****.]
Gold:   1225       SH:  0    Dex: 13    Spells: 4/22 levels left

rFire   + . .      SeeInvis +   a - +6 dagger (speed)
rCold   . . .      Faith    .   G - orb {*channel}
rNeg    . . .      Spirit   .   (helmet currently unavailable)
rPois   +          Reflect  .   W - amulet of regeneration
rElec   .          Harm     .   o - ring of Farob {rF+ Dex+3 Stlth+}
rCorr   +          Rampage  .   s - +6 ring of strength
Will    .....      NoTele   +   Q - ring of resist corrosion
Stlth   +++.......              w - ring of flight
HPRegen 1.81/turn               T - ring of Qaoshacs {Str+5 Int+6 Dex-3}
MPRegen 0.17/turn               e - ring of see invisible
                                (no ring)
                                (no ring)

@: appendages, wereblooded, flying
A: tentacle spike 3, reduced essence, almost no armour, amphibious, 8 rings,
camouflage 1, gelatinous body 1, (nimble swimmer 1), tentacles, clever 1, poison
resistance, regeneration 1
a: End Transformation, Renounce Religion, Recall Ancestor, Ancestor Identity,
Transference, Idealise


You were in a Gauntlet.
You worshipped Hepliaklqana.
Hepliaklqana was extremely pleased with you.
One of your tentacles had grown a beastly spike.
You visited 2 branches of the dungeon, and saw 12 of its levels.
You also visited: Gauntlet.

You collected 1322 gold pieces.
You spent 97 gold pieces at shops.

Inventory:

Hand Weapons
 a - a +6 dagger of speed (weapon)
 b - a +0 hunting sling
 r - a +2 flail of protection
 t - a +0 shortbow
 B - a +1 dagger of venom
 F - a +0 dagger of holy wrath
 H - a +4 quarterstaff of chaos
 L - a +5 scimitar of freezing
 M - a +2 whip of flaming
 R - the +9 whip "Ukhlism" {drain, rF+ Str-4 Dex+4}
   (You took it off an orc on level 9 of the Dungeon)

   A truly terrible weapon, it drains the life of any living foe it strikes.
   Str:       It affects your strength (-4).
   Dex:       It affects your dexterity (+4).
   rF:        It protects you from fire.
Missiles
 j - 59 bolts
 l - 194 stones
 v - 112 arrows
 x - 6 curare-tipped darts
 I - 50 sling bullets
Armour
 G - an orb of energy (worn)
 U - a +0 buckler
Magical Staves
 A - a staff of earth
Jewellery
 e - a ring of see invisible (on tentacle)
 o - the ring of Farob (left tentacle) {rF+ Dex+3 Stlth+}
   (You acquired it on level 3 of the Dungeon)

   [ring of protection from fire]

   Dex:       It affects your dexterity (+3).
   rF:        It protects you from fire.
   Stlth:     It makes you more stealthy.
 s - a +6 ring of strength (right tentacle)
 w - a ring of flight (on tentacle)
 N - a ring of fire
 Q - a ring of resist corrosion (on tentacle)
 T - the ring of Qaoshacs (on tentacle) {Str+5 Int+6 Dex-3}
   (You acquired it on level 10 of the Dungeon)

   [ring of intelligence]

   Str:       It affects your strength (+5).
   Int:       It affects your intelligence (+6).
   Dex:       It affects your dexterity (-3).
 W - an amulet of regeneration (around mantle)
Wands
 D - a wand of flame (28)
 P - a wand of iceblast (4)
Scrolls
 c - 2 scrolls of torment {torment, unknown}
 g - 3 scrolls of holy word {holy word, unknown}
 i - 5 scrolls of vulnerability {vulnerability, unknown}
 k - 4 scrolls of noise {noise, unknown}
 m - a scroll of enchant armour {enchant armour, unknown}
 n - 5 scrolls of fog {fog, unknown}
 q - a scroll of summoning {summoning, unknown}
 y - 8 scrolls of identify {identify, unknown}
 E - 4 scrolls of immolation {immolation, unknown}
 J - a scroll of amnesia {amnesia, unknown}
 V - a scroll of silence
Potions
 d - a potion of invisibility {invisibility, unknown}
 f - 5 potions of mutation
 h - 2 potions of degeneration {degeneration, unknown}
 p - 2 potions of curing {curing}
 u - 5 potions of attraction {attraction, unknown}
 z - 2 potions of ambrosia {ambrosia, unknown}
 C - a potion of magic {magic, unknown}
 K - 2 potions of brilliance {brilliance, unknown}
 O - 2 potions of cancellation {cancellation, unknown}


   Skills:
 + Level 6.0 Fighting
 + Level 5.9 Short Blades
 - Level 5.9 Dodging
 - Level 3.0 Unarmed Combat
 - Level 5.5 Spellcasting
 - Level 7.9 Hexes
 - Level 5.9 Transmutations
 - Level 7.3 Ice Magic
 - Level 7.9 Air Magic
 - Level 8.8 Poison Magic


You had 4 spell levels left.
You knew the following spells:

 Your Spells              Type           Power      Damage    Failure   Level
a - Beastly Appendage     Tmut           72%        N/A       1%          1
b - Wereblood             Tmut           36%        N/A       1%          2
c - Spider Form           Tmut/Pois      43%        N/A       1%          3
d - Ice Form              Ice/Tmut       40%        N/A       4%          4
e - Dazzling Flash        Conj/Hex       52%        N/A       4%          3
f - Silence               Hex/Air        23%        N/A       9%          5

Your spell library contained the following spells:

 Spells                   Type           Power      Damage    Failure   Level
 Agony                    Necr           6%         N/A       91%         5


Dungeon Overview and Level Annotations

Branches:
Dungeon (10/15)            Temple (0/1) D:5            Lair (2/6) D:10
Gauntlet (1/1)
  Swamp: Lair:2-4    Shoals: Lair:2-4     Snake: Lair:2-4    Spider: Lair:2-4
    Orc: D:9-12

Altars:
Hepliaklqana
Xom
The Shining One

Shops:
D:7 *   D:9 [(

Annotations:
D:6 ALWAYSlose's ghost, novice MiBe
D:7 2 transporters
Lair:1 exclusion: oklob plant, Grum Gauntlet 1 transporter


Innate Abilities, Weirdness & Mutations

One of your tentacles has grown a beastly spike.
Your life essence is reduced to manifest your ancestor. (-10% HP)
You cannot wear most types of armour.
You are amphibious.
You can wear up to eight rings at the same time.
Your skin changes colour to match your surroundings (Stealth+).
Your rubbery body absorbs attacks. (AC +1, EV +1)
((You are camouflaged when in or above water. (Stealth+)))
You have tentacles for arms and can constrict up to eight enemies at once.
Your mind is acute. (Int +2)
Your system is resistant to poisons. (rPois)
Your natural rate of healing is unusually fast.


Message History

The gargoyle hits you with a +0 mace!! The gargoyle closely misses you.
You hit the gargoyle but do no damage.
You pierce the gargoyle.
The gargoyle is moderately damaged.
You constrict the gargoyle, but do no damage.
You hit the gargoyle but do no damage.
The gargoyle is moderately damaged.
You constrict the gargoyle, but do no damage.
The gargoyle hurls a stone arrow at you.
The stone arrow misses you.
The gargoyle hurls a stone arrow at you.
The stone arrow hits you!!
You hit the gargoyle but do no damage.
You pierce the gargoyle, but do no damage.
The gargoyle is moderately damaged.
You constrict the gargoyle. You hit the gargoyle.
You pierce the gargoyle, but do no damage.
You squeeze the gargoyle, but do no damage.
The gargoyle is heavily damaged.
You constrict the gargoyle. The gargoyle hits you with a +0 mace!!
* * * LOW HITPOINT WARNING * * *
The gargoyle completely misses you.
Okay, then.
Blink to where?
Press: ? - help, Dir - move target You lose your grip on the gargoyle.
Found the +3 pair of gauntlets of War {Slay+5}.
As you read the scroll of blinking, it crumbles to dust.
Press: ? - help, . - travel You can't see that place.
Found a gate leading back out of this place.
The catoblepas gores you!
* * * LOW HITPOINT WARNING * * *
The molten gargoyle barely misses Andrew J Allford.
There is a transporter, spattered with blood here.
You enter the transporter and appear at another place.
The catoblepas gores you!
You die...

##..#...9#.##.#..#
#≈..#...#R...##..#.###
#..#...#.....#..#.###
#≈..#[.#.§[..[#..#.[=©
##§.###########..#####
#≈§.............∩..§§
##§................§§
##§#≈#§#§#≈########
###########.@Y.©.#
#......# ...........
.............
###.###.###.## #. .# #
. .. .# ##


You could see the friendly Andrew J Allford the battlemage and a catoblepas.

Vanquished Creatures
  A hydra (Lair:1)
  2 two-headed ogres
  Pikel (D:9)
  A centaur zombie (D:10)
  5 cane toads
  A blink frog (shapeshifter) (D:10)
  Eustachio (D:4)
  2 shadows (Gauntlet)
  A vampire (D:10)
  9 yaks
  A fire bat (Gauntlet)
  A steam dragon (D:9)
  Menkaure (D:7)
  2 acid dragons
  2 water moccasins
  2 ice beasts (D:7)
  A sky beast (D:8)
  2 orc warriors (D:9)
  2 black bears
  An ogre (D:4)
  A centaur (D:9)
  27 wolves (Lair:1)
  A phantom (D:6)
  A kobold brigand (D:6)
  3 scorpions
  4 bullfrogs
  3 killer bees (D:10)
  2 wights (D:8)
  A bullfrog zombie (D:6)
  3 hounds
  Crazy Yiuf (D:7)
  A jelly (D:5)
  7 orc priests
  An iguana (D:4)
  7 orc wizards
  A hound zombie (D:5)
  A howler monkey zombie (D:9)
  6 adders
  A river rat (D:6)
  A shadow imp (D:6)
  A white imp (D:5)
  A howler monkey simulacrum (D:9)
  An ufetubus (D:7)
  An adder zombie (D:4)
  3 worms
  2 dart slugs
  46 orcs
  6 ball pythons
  6 endoplasms
  5 giant cockroaches
  6 goblins
  5 hobgoblins
  6 jackals
  2 quokkas
  5 bats (D:1)
  12 frilled lizards
  15 kobolds
  A quokka skeleton (D:4)
  5 rats
241 creatures vanquished.

Vanquished Creatures (collateral kills)
  Erolcha (D:9)
  A two-headed ogre (D:9)
  A fire crab (Gauntlet)
  A komodo dragon (D:10)
  A troll (D:10)
  A wraith (D:9)
  2 wyverns
  A vampire (D:9)
  2 basilisks
  2 fire bats (Gauntlet)
  2 yaks (D:10)
  A steam dragon (D:10)
  An acid dragon (D:9)
  2 orc warriors
  2 ice beasts (D:7)
  A sky beast (D:8)
  A necrophage (D:7)
  An ogre (D:5)
  3 wolves (Lair:1)
  A centaur (D:7)
  A lemure (D:9)
  2 killer bees (D:10)
  3 wights (D:8)
  A hound (D:7)
  An orc priest (D:8)
  2 orc wizards
  A killer bee zombie (D:5)
  An adder (D:6)
  6 orcs
  An endoplasm (D:4)
  A giant cockroach (D:4)
  A goblin (D:4)
49 creatures vanquished.

Vanquished Creatures (others)
  5 battlemagi
  An ancestor (D:6)
  4 fungi
  11 plants
21 creatures vanquished.

Grand Total: 311 creatures vanquished

Notes
Turn   | Place    | Note
-------+----------+-------------------------------------------
     0 | D:1      | croobank the Octopode Transmuter began the quest for the
                  | Orb.
     0 | D:1      | Reached XP level 1. HP: 13/13 MP: 3/3
    62 | D:1      | Gained mutation: One of your tentacles bears a spike.
                  | [potion of mutation]
    62 | D:1      | Gained mutation: You sometimes lose the ability to read
                  | scrolls when taking damage. [potion of mutation]
    98 | D:1      | Reached XP level 2. HP: 17/18 MP: 5/5
   106 | D:1      | Learned a level 2 spell: Wereblood
   232 | D:1      | Identified a scroll of acquirement
   232 | D:1      | Acquired 603 gold pieces
   615 | D:1      | Reached XP level 3. HP: 23/23 MP: 6/6
   710 | D:1      | Lost mutation: One of your tentacles bears a spike. [potion
                  | of mutation]
   710 | D:1      | Lost mutation: You sometimes lose the ability to read
                  | scrolls when taking damage. [potion of mutation]
   710 | D:1      | Gained mutation: Your natural rate of healing is unusually
                  | fast. [potion of mutation]
   710 | D:1      | Gained mutation: Your mind is acute. (Int +2) [potion of
                  | mutation]
   710 | D:1      | Gained mutation: Your system is resistant to poisons.
                  | (rPois) [potion of mutation]
   782 | D:1      | Learned a level 3 spell: Spider Form
   942 | D:1      | Reached skill level 1 in Short Blades
  1333 | D:2      | Reached XP level 4. HP: 29/29 MP: 5/7
  1414 | D:2      | Found a faded altar of an unknown god.
  2104 | D:3      | Reached XP level 5. HP: 34/34 MP: 7/9
  2111 | D:3      | Acquired the ring of Farob {rF+ Dex+3 Stlth+}
  2195 | D:3      | Noticed a black bear
  2216 | D:3      | Killed a black bear
  2220 | D:3      | Reached XP level 6. HP: 35/41 MP: 7/10
  2250 | D:3      | Found a glowing golden altar of the Shining One.
  2279 | D:3      | Found a hazy altar of Hepliaklqana.
  2290 | D:3      | Became a worshipper of Hepliaklqana the Forgotten
  2693 | D:4      | Noticed Eustachio
  2710 | D:4      | Killed Eustachio
  2717 | D:4      | Reached XP level 7. HP: 33/46 MP: 9/12
  3007 | D:4      | Reached * piety under Hepliaklqana
  3244 | D:4      | Found a shimmering altar of Xom.
  3351 | D:5      | Entered Level 5 of the Dungeon
  3499 | D:5      | Learned a level 4 spell: Ice Form
  3536 | D:5      | Reached XP level 8. HP: 39/48 MP: 10/14
  4073 | D:6      | Found a runed translucent door.
  4077 | D:6      | Noticed ALWAYSlose's ghost (novice MiBe)
  4081 | D:6      | Reached skill level 5 in Dodging
  4201 | D:5      | Reached skill level 5 in Transmutations
  4231 | D:5      | Reached ** piety under Hepliaklqana
  4232 | D:5      | Remembered your ancestor Andrew J Allford as a battlemage
  4441 | D:5      | Found a staircase to the Ecumenical Temple.
  4809 | D:6      | Found a runed translucent door.
  4923 | D:7      | Found a transporter.
  5021 | D:7      | Reached XP level 9. HP: 54/54 MP: 12/16
  5029 | D:7      | Reached skill level 5 in Fighting
  5029 | D:7      | Reached skill level 5 in Spellcasting
  5203 | D:7      | Reached skill level 5 in Short Blades
  5300 | D:7      | Found Yheem's General Store.
  5306 | D:7      | Noticed Menkaure
  5317 | D:7      | Killed Menkaure
  5350 | D:7      | Bought a scroll of silence for 97 gold pieces
  5392 | D:7      | Found a runed translucent door.
  5395 | D:7      | Noticed Crazy Yiuf
  5400 | D:7      | Killed Crazy Yiuf
  5458 | D:7      | Reached *** piety under Hepliaklqana
  5517 | D:7      | Found a transporter.
  6202 | D:8      | Reached skill level 1 in Ice Magic
  6202 | D:8      | Reached skill level 1 in Poison Magic
  6395 | D:8      | Reached skill level 2 in Poison Magic
  6465 | D:8      | Reached skill level 3 in Poison Magic
  7102 | D:9      | Reached skill level 4 in Poison Magic
  7166 | D:9      | Reached XP level 10. HP: 31/59 MP: 16/18
  7225 | D:9      | Found Gatium's Antique Armour Shop.
  7226 | D:9      | Reached **** piety under Hepliaklqana
  7265 | D:9      | Reached skill level 5 in Poison Magic
  7292 | D:9      | Noticed a two-headed ogre
  7311 | D:9      | Noticed Erolcha
  7327 | D:9      | Killed Erolcha
  7328 | D:9      | Reached skill level 5 in Ice Magic
  7328 | D:9      | Reached skill level 6 in Poison Magic
  7342 | D:9      | Killed a two-headed ogre
  7453 | D:9      | Found Ulixommu's Antique Weapon Shop.
  7614 | D:9      | Noticed Pikel
  7631 | D:9      | Killed Pikel
  7632 | D:9      | Reached skill level 7 in Poison Magic
  7663 | D:9      | Learned a level 3 spell: Dazzling Flash
  7835 | D:9      | Noticed a two-headed ogre
  7841 | D:9      | Reached skill level 8 in Poison Magic
  7870 | D:9      | Killed a two-headed ogre
  7901 | D:9      | Identified the +9 whip "Ukhlism" {drain, rF+ Str-4 Dex+4}
  7920 | D:9      | Reached XP level 11. HP: 58/64 MP: 19/19
  8101 | D:10     | Entered Level 10 of the Dungeon
  8117 | D:10     | Acquired the ring of Qaoshacs {Str+5 Int+6 Dex-3}
  8153 | D:10     | Reached skill level 1 in Hexes
  8153 | D:10     | Reached skill level 1 in Air Magic
  8511 | D:10     | Found a staircase to the Lair.
  8772 | D:10     | Noticed a two-headed ogre
  8783 | D:10     | Killed a two-headed ogre
  9120 | Lair:1   | Entered Level 1 of the Lair of Beasts
  9258 | Lair:1   | Reached skill level 5 in Hexes
  9258 | Lair:1   | Reached skill level 5 in Air Magic
  9453 | Lair:1   | Noticed a five-headed hydra
  9486 | Lair:1   | Killed a five-headed hydra
  9487 | Lair:1   | Reached XP level 12. HP: 41/69 MP: 18/20
  9746 | Lair:1   | Noticed Grum
  9841 | Lair:2   | Reached ***** piety under Hepliaklqana
  9848 | Lair:2   | Found a gate leading to a gauntlet.
  9858 | Gauntlet | Entered a Gauntlet
  9858 | Gauntlet | Found a transporter.
  9858 | Gauntlet | Found a transporter.
  9868 | Gauntlet | Found a transporter.
  9899 | Gauntlet | Found a transporter.
  9930 | Gauntlet | Learned a level 5 spell: Silence
  9934 | Gauntlet | Found a transporter.
  9934 | Gauntlet | Found a transporter.
  9949 | Gauntlet | HP: 2/70 [fire crab] (12)]
 10003 | Gauntlet | Noticed a catoblepas
 10003 | Gauntlet | Found a transporter.
 10011 | Gauntlet | Found the +3 pair of gauntlets of War {Slay+5}
 10015 | Gauntlet | Slain by a catoblepas

Illustrated notes

Levels and vault maps discovered:
D:1:      roderic_crossed_star, layout_basic, minmay_small_reverse_x
D:2:      layout_basic, shapermc_ecumenical_altar_starsandcircs,
          serial_bayou_pond_b, minmay_misc_feat_secret_circle
D:3:      layout_rooms, mainiacjoe_overflow_two_lobes, minmay_lizard_king
D:4:      minmay_diamond_boxcup, layout_cave_pools, led_xom_imps, uniq_eustachio
D:5:      layout_gridville, lemuel_temple_firewalk_b
D:6:      layout_loops_ring, ebering_ghost_sewer_f, small_statue_alley_b
D:7:      gammafunk_steamed_eel, layout_loops_corners, serial_shops,
          nicolae_shop_crystal, uniq_menkaure, uniq_crazy_yiuf_cottage
D:8:      layout_layer_cave
D:9:      layout_loops_ring, serial_shops, nicolae_shop_hallway_stairs,
          nicolae_stop_n_shop_1, grunt_potential, uniq_erolcha, uniq_pikel
D:10:     layout_irregular_city, david_lair_shrubbed, minmay_microvault
Lair:1:   layout_loops_ring, grunt_forest_large_clearings, uniq_grum
Lair:2:   layout_chaotic_city, gauntlet_entry_generic
Gauntlet: minmay_gauntlet_mixed_big_or_small [gammafunk_gauntlet_arena_crates,
          minmay_gauntlet_arena_77_chump_sandwich,
          gammafunk_gauntlet_arena_teeth,
          minmay_gauntlet_arena_77_hold_the_fort, nicolae_gauntlet_swirl,
          minmay_gauntlet_arena_77_block_sizes, gauntlet_exit_watery]

Skill      XL: |  1  2  3  4  5  6  7  8  9 10 11 12 |
---------------+-------------------------------------+-----
Short Blades   | 1 2 3 4 5 |  5.9
Fighting       | 2 3 4 5 6 |  6.0
Dodging        | 3 4 5 |  5.9
Spellcasting   | 3 4 5 |  5.5
Transmutations | 3 4 5 |  5.9
Ice Magic      | 3 7 |  7.3
Poison Magic   | 4 8 |  8.8
Hexes          | 6 7 |  7.9
Air Magic      | 6 7 |  7.9
Unarmed Combat | |  3.0

Action                   |  1- 3 |  4- 6 |  7- 9 | 10-12 || total
-------------------------+-------+-------+-------+-------++-------
Melee: Dagger            |    71 |    88 |   207 |   310 ||   676
       Kick              |    20 |    30 |    76 |    80 ||   206
       Tentacles         |    16 |    12 |    60 |    99 ||   187
       Constrict         |    18 |    27 |    55 |    52 ||   152
       Unarmed           |     2 |       |       |       ||     2
       Punch             |     2 |       |     6 |    11 ||    19
 Fire: Hunting sling     |       |       |    15 |     4 ||    19
       Shortbow          |       |       |     3 |       ||     3
 Cast: Beastly Appendage |    10 |    14 |    37 |    21 ||    82
       Wereblood         |       |     2 |    11 |    12 ||    25
Invok: Ancestor Life: Ba |       |       |     1 |       ||     1
       Ancestor Identity |       |       |     1 |       ||     1
       Recall Ancestor   |       |       |       |     1 ||     1
Evoke: Wand              |       |       |       |     1 ||     1
  Use: Potion            |     2 |       |     1 |    13 ||    16
       Scroll            |     1 |     1 |     5 |     5 ||    12
 Stab: Sleeping          |    10 |     6 |     8 |     7 ||    31
       Distracted        |       |     1 |     1 |     3 ||     5
Armor: Skin              |     2 |    14 |     5 |     9 ||    30
Dodge: Dodged            |    42 |    57 |   104 |   138 ||   341

Table legend: (Time is in decaauts)
 A = Elapsed time spent in this place.
 B = Non-inter-level travel time spent in this place.
 C = Inter-level travel time spent in this place.
 D = Time resting spent in this place.
 E = Time spent auto-exploring this place.
 F = Levels seen in this place.
 G = Mean time per level.
                   A        B        C        D        E       F      G
               +--------+--------+--------+--------+--------+-----+--------+
         Total |   9676 |   9483 |    193 |    902 |   5856 |  13 |  744.3 |
       Dungeon |   8886 |   8694 |    192 |    786 |   5672 |  10 |  888.6 |
          Lair |    648 |    648 |      0 |     86 |    184 |   2 |  324.0 |
      Gauntlet |    141 |    141 |      0 |     30 |      0 |   1 |  141.0 |
               +--------+--------+--------+--------+--------+-----+--------+

Top non-repeatable levels by time:
     D:8: 1210 daAuts
     D:1: 1042 daAuts
     D:5: 1037 daAuts
     D:9: 980 daAuts
     D:7: 954 daAuts
    D:10: 938 daAuts
     D:2: 870 daAuts
     D:3: 719 daAuts
     D:4: 638 daAuts
  Lair:1: 585 daAuts
     D:6: 494 daAuts
Gauntlet: 141 daAuts
  Lair:2: 63 daAuts
